 Dungeon Crawl Stone Soup version 0.27.1-33-g824d729ab1 (webtiles) character file.

Game seed: 14588483610149077798

4066 jlumianski the Cleaver (level 10, -1/61 HPs)
             Began as a Gargoyle Monk on Dec 18, 2021.
             Was a Priest of Okawaru.
             Slain by a boulder beetle (18 damage)
             ... on level 8 of the Dungeon.
             The game lasted 00:35:12 (10492 turns).

jlumianski the Cleaver (Gargoyle Monk)             Turns: 10492, Time: 00:35:13

Health: -1/61      AC: 25    Str: 19    XL:     10   Next: 25%
Magic:  12/13      EV: 15    Int: 10    God:    Okawaru [***...]
Gold:   129        SH:  5    Dex: 12    Spells: 6/9 levels left

rFire    . . .     SeeInvis .   o - +1 war axe
rCold    . . .     Faith    .   P - +0 buckler
rNeg     + . .     Spirit   .   D - +0 acid dragon scales
rPois    ∞         Reflect  .   j - +2 helmet
rElec    +         Harm     .   K - +1 cloak
rCorr    +         Rampage  .   t - +2 pair of gloves
Will     .....                  (no boots)
Stlth    +++.......             I - amulet of the acrobat
HPRegen  0.20/turn              (no ring)
MPRegen  0.13/turn              (no ring)

@: heroic
A: sickness immunity, AC +7, negative energy resistance 1, electricity
resistance, torment resistance 1, petrification resistance
a: Renounce Religion, Heroism


You were on level 8 of the Dungeon.
You worshipped Okawaru.
Okawaru was most pleased with you.
You visited 1 branch of the dungeon, and saw 8 of its levels.

You collected 404 gold pieces.
You spent 275 gold pieces at shops.

Inventory:

Hand Weapons
 a - a +0 hand axe
 l - a +2 mace of protection
 o - a +1 war axe (weapon)
 p - a +4 dagger
 B - a +0 whip of electrocution
 J - a +2 quarterstaff of chaos
 M - a +0 hunting sling
 R - a +0 hand crossbow
Missiles
 d - 183 stones
 h - 72 poisoned darts (quivered)
 u - 4 boomerangs
 v - 46 sling bullets
 x - 112 bolts
 F - a throwing net
Armour
 b - a +0 robe
 c - a +0 leather armour
 g - a +1 pair of gloves
 j - a +2 helmet (worn)
 q - a +0 ring mail
 t - a +2 pair of gloves (worn)
 z - the +2 helmet "Fotaoluo" {Harm rElec Dex-2}
   (You found it on level 4 of the Dungeon)

   Dex:       It affects your dexterity (-2).
   rElec:     It insulates you from electricity.
   Harm:      It increases damage dealt and taken.
 D - +0 acid dragon scales (worn)
 H - a +0 ring mail of cold resistance
 K - a +1 cloak (worn)
 P - a +0 buckler (worn)
Magical Staves
 Q - a staff of poison
Jewellery
 I - an amulet of the acrobat (around neck)
Wands
 k - a wand of iceblast (6)
 C - a wand of flame (16)
 E - a wand of polymorph (5)
 O - a wand of acid (6)
Scrolls
 i - 3 scrolls of teleportation
 s - 2 scrolls of vulnerability
 y - a scroll of blinking
 N - a scroll of amnesia
 S - 2 scrolls of magic mapping {unknown}
 T - a scroll of enchant weapon
 U - a scroll of identify
Potions
 e - 3 potions of lignification
 f - 5 potions of curing
 m - 3 potions of heal wounds
 n - a potion of magic
 r - 2 potions of mutation
 w - 3 potions of flight
 A - a potion of experience {unknown}
 G - a potion of degeneration {unknown}
 L - a potion of berserk rage {unknown}


   Skills:
 + Level 6.6(11.6) Fighting
 + Level 8.3(13.4) Axes
 + Level 1.1(10.8) Maces & Flails
 + Level 0.9(5.9) Throwing
 + Level 5.7(10.7) Armour
 + Level 4.4(9.4) Dodging
 + Level 3.4(8.4) Stealth
 + Level 0.6(5.6) Shields
 + Level 0.2 Spellcasting
 + Level 0.2 Conjurations
 + Level 0.1 Air Magic
 * Level 5.1 Poison Magic
 * Level 4.8 Invocations
 + Level 0.2 Evocations


You had 6 spell levels left.
You knew the following spells:

 Your Spells              Type           Power      Damage    Failure   Level
a - Mephitic Cloud        Conj/Pois/Air  3%         N/A       54%         3

Your spell library contained the following spells:

 Spells                   Type           Power      Damage    Failure   Level
 Freeze                   Ice            0%         1d3       43%         1
 Ignite Poison            Fire/Tmut/Pois 3%         N/A       56%         3
 Call Canine Familiar     Summ           0%         N/A       80%         3
 Ozocubu's Armour         Ice            0%         N/A       80%         3
 Portal Projectile        Hex/Tloc       0%         N/A       80%         3
 Hailstorm                Conj/Ice       0%         3d3       99%         4
 Leda's Liquefaction      Hex/Erth       0%         N/A       99%         4
 Blade Hands              Tmut           0%         N/A       100%        5
 Bolt of Magma            Conj/Fire/Erth 0%         4d4       100%        5
 Excruciating Wounds      Necr           0%         N/A       100%        5
 Metabolic Englaciation   Hex/Ice        0%         N/A       100%        5
 Simulacrum               Ice/Necr       0%         N/A       100%        6
 Ozocubu's Refrigeration  Ice            0%         4d5       100%        7
 Disjunction              Tloc           0%         N/A       100%        8


Dungeon Overview and Level Annotations

Branches:
Dungeon (8/15)             Temple (0/1) D:7
   Lair: D:8-11

Altars:
Ashenzari
Elyvilon
Fedhas
Gozag
Hepliaklqana
Kikubaaqudgha
Okawaru
Ru
Vehumet
Wu Jian
Xom
Zin

Shops:
D:2 [   D:5 *


Innate Abilities, Weirdness & Mutations

You are immune to sickness and miasma.
Your stone body is resilient. (AC +7)
You are immune to poison.
You resist negative energy. (rN+)
You are resistant to electric shocks. (rElec)
You are resistant to unholy torment.
You are immune to petrification.


Message History

The boulder beetle stops rolling and uncurls.
The boulder beetle closely misses you.
You hit the boulder beetle but do no damage.
The boulder beetle is lightly wounded.
The boulder beetle completely misses you.
You gain the combat prowess of a mighty hero.
The boulder beetle bites you but does no damage.
You completely miss the boulder beetle.
The boulder beetle is lightly wounded.
You block the boulder beetle's attack.
You hit the boulder beetle but do no damage.
The boulder beetle is lightly wounded.
The boulder beetle completely misses you.
You hit the boulder beetle but do no damage.
The boulder beetle is lightly wounded.
You block the boulder beetle's attack.
You hit the boulder beetle.
The boulder beetle is lightly wounded.
You hit the boulder beetle but do no damage.
The boulder beetle is lightly wounded.
The boulder beetle barely misses you.
You hit the boulder beetle.
The boulder beetle is lightly wounded.
The boulder beetle barely misses you.
You slash the boulder beetle!
The boulder beetle is moderately wounded.
The boulder beetle bites you.
You hit the boulder beetle but do no damage.
The boulder beetle is moderately wounded.
The boulder beetle bites you!
* * * LOW HITPOINT WARNING * * *
You hit the boulder beetle but do no damage.
The boulder beetle is moderately wounded.
The boulder beetle closely misses you.
You hit the boulder beetle but do no damage.
The boulder beetle is moderately wounded.
You hit the boulder beetle but do no damage.
The boulder beetle is moderately wounded.
The boulder beetle bites you!!
You die...

#...≈≈≈########.####### #..≈≈≈≈.#
#............ #..≈≈≈≈.#
####......... #...≈≈≈.#
#......:... #.≈≈≈≈≈.#
##..........
#.≈≈≈.≈≈####...........
#..≈≈≈≈......##############
##..≈.≈.......#...........#
#.≈≈≈≈≈....#)@B).........#
#...≈≈≈###.###...........#
#≈≈≈≈..###.# #)).#####...#####
##≈≈≈≈≈.##.# #...#...#........
##≈≈≈≈≈..#..###...#...#........
##≈≈≈≈≈≈)......#...#...'........
≈#≈≈≈≈≈≈≈.#.#####...#...#########
≈≈≈≈≈≈≈≈....# ....#.8.........#
#######.###.# .....#..†...8....#


You could see a boulder beetle.

Vanquished Creatures
  A two-headed ogre (D:8)
  A cane toad (shapeshifter) (D:8)
  A troll (D:6)
  A wyvern (D:8)
  An acid dragon (D:5)
  2 water moccasins
  An orc warrior (D:8)
  3 ice beasts
  A sky beast (D:6)
  A black bear (D:5)
  A necrophage (D:5)
  2 centaurs
  2 kobold brigands
  3 bullfrogs
  3 scorpions
  A gnoll sergeant (D:7)
  A wyvern zombie (D:5)
  A water moccasin zombie (D:5)
  A wyvern skeleton (D:6)
  A water moccasin skeleton (D:5)
  3 wights (D:5)
  2 bullfrog zombies
  A jelly (D:5)
  3 hounds
  Crazy Yiuf (D:6)
  An orc priest (D:7)
  A centaur skeleton (D:4)
  A gnoll shaman (D:4)
  Jessica (D:3)
  An iguana (D:6)
  2 orc wizards
  A killer bee zombie (D:7)
  A hound skeleton (D:4)
  7 adders
  19 gnolls
  2 ufetubi
  3 adder skeletons (D:4)
  3 worms
  3 dart slugs (D:2)
  12 orcs
  10 ball pythons
  2 bats
  4 endoplasms
  5 giant cockroaches
  5 hobgoblins
  7 jackals
  4 quokkas
  4 frilled lizards
  6 goblins
  12 kobolds
  A quokka skeleton (D:4)
  2 rats (D:2)
159 creatures vanquished.

Vanquished Creatures (others)
  An orc warrior (D:8)
  An orc priest (D:8)
  An orc wizard (D:8)
  An orc (D:8)
  3 fungi (D:6)
7 creatures vanquished.

Grand Total: 166 creatures vanquished

Notes
Turn   | Place    | Note
-------+----------+-------------------------------------------
     0 | D:1      | jlumianski the Gargoyle Monk began the quest for the Orb.
     0 | D:1      | Reached XP level 1. HP: 14/14 MP: 1/1
   121 | D:1      | Found a faded altar of an unknown god.
   386 | D:1      | Reached XP level 2. HP: 15/19 MP: 2/2
   961 | D:2      | Found Bohu's Antique Armour Shoppe.
  1214 | D:2      | Reached XP level 3. HP: 24/24 MP: 3/3
  1244 | D:2      | Reached skill level 1 in Armour
  1889 | D:2      | Reached skill level 3 in Axes
  2272 | D:2      | Reached XP level 4. HP: 23/29 MP: 4/4
  2957 | D:2      | Reached XP level 5. HP: 8/33 MP: 5/5
  3312 | D:3      | Noticed Jessica
  3319 | D:3      | Killed Jessica
  3696 | D:3      | Noticed an ice beast
  4217 | D:3      | Found an opulent altar of Gozag.
  4487 | D:2      | Killed an ice beast
  4488 | D:2      | Reached skill level 4 in Axes
  4488 | D:2      | Reached XP level 6. HP: 38/38 MP: 6/6
  4532 | D:2      | Bought a runed helmet for 142 gold pieces
  4824 | D:4      | Reached skill level 1 in Maces & Flails
  4824 | D:4      | Found a blossoming altar of Fedhas.
  4985 | D:4      | Found an ornate altar of the Wu Jian Council.
  5062 | D:4      | Found a broken altar of Ashenzari.
  5109 | D:4      | Reached XP level 7. HP: 43/44 MP: 7/7
  5131 | D:4      | Learned a level 3 spell: Mephitic Cloud
  5372 | D:4      | Identified the +2 helmet "Fotaoluo" {Harm rElec Dex-2}
  5494 | D:5      | Entered Level 5 of the Dungeon
  5594 | D:5      | Reached skill level 1 in Poison Magic
  5620 | D:5      | Reached skill level 5 in Fighting
  5620 | D:5      | Reached skill level 5 in Axes
  6036 | D:5      | Reached XP level 8. HP: 31/49 MP: 8/8
  6262 | D:5      | Found a hazy altar of Hepliaklqana.
  6667 | D:5      | Found Keil Arats's Lightly-Used Armoury.
  7008 | D:5      | Reached skill level 6 in Axes
  7068 | D:5      | Found an iron altar of Okawaru.
  7085 | D:5      | Became a worshipper of Warmaster Okawaru
  7085 | D:5      | Reached * piety under Okawaru
  7085 | D:5      | Reached ** piety under Okawaru
  7121 | D:5      | Reached skill level 5 in Armour
  7525 | D:6      | Reached skill level 1 in Invocations
  7784 | D:2      | Bought a shiny ring mail for 133 gold pieces
  7897 | D:6      | Reached XP level 9. HP: 54/54 MP: 9/9
  7928 | D:6      | Got the Compendium of the Dislocated Frostbite
  8006 | D:6      | Found an ancient bone altar of Kikubaaqudgha.
  8086 | D:6      | Found a radiant altar of Vehumet.
  8285 | D:6      | Found a runed translucent door.
  8286 | D:6      | Noticed Crazy Yiuf
  8293 | D:6      | Killed Crazy Yiuf
  8649 | D:7      | Noticed a purple ugly thing
  8649 | D:7      | Noticed a troll
  8696 | D:6      | Killed a troll
  8697 | D:6      | Reached skill level 7 in Axes
  8880 | D:7      | Found a glowing silver altar of Zin.
  8881 | D:7      | Noticed an angel
  8934 | D:7      | Found a shimmering altar of Xom.
  9593 | D:7      | Reached *** piety under Okawaru
  9602 | D:7      | Found a staircase to the Ecumenical Temple.
  9692 | D:8      | Noticed a boulder beetle
  9882 | D:8      | Found a sacrificial altar of Ru.
  9926 | D:8      | Noticed a two-headed ogre
  9944 | D:8      | Killed a two-headed ogre
  9945 | D:8      | Reached skill level 8 in Axes
  9945 | D:8      | Reached XP level 10. HP: 29/61 MP: 11/13
 10268 | D:8      | Found a white marble altar of Elyvilon.
 10284 | D:8      | Noticed a swamp dragon
 10457 | D:8      | Reached skill level 5 in Poison Magic
 10458 | D:8      | Noticed a cane toad
 10458 | D:8      | a polar bear changed into a cane toad
 10477 | D:8      | Killed a cane toad
 10492 | D:8      | Slain by a boulder beetle

Illustrated notes

Levels and vault maps discovered:
D:1:      dpeg_arrival_rhombus, layout_basic, basic_ecumenical_altar
D:2:      layout_loops_ring, serial_shops, nicolae_shop_statue_plus
D:3:      layout_basic, mainiacjoe_overflow_brackets, uniq_jessica
D:4:      layout_gridville, mainiacjoe_overflow_small_starburst,
          evilmike_ruin_ashenzari, mainiacjoe_overflow_cross_hatched
D:5:      layout_loops_corners, worldfamousw_hep_ancestral_shrine,
          okawaru_metal_pillars_1_2, minmay_shop_damaged
D:6:      layout_loops_ring, nicolae_kikubaaqudgha_miasma_corner,
          mainiacjoe_overflow_alcove_2, hex_medium, uniq_crazy_yiuf_cottage
D:7:      layout_rooms, grunt_temple_overflow_order_and_chaos_1,
          minmay_temple_entry_gardened_gates
D:8:      kennysheep_blocky_room, layout_rooms,
          nicolae_ru_great_annihilating_truth, mainiacjoe_overflow_tiny_flanked,
          nicolae_tso_carved_into_rock, serial_shops, shop, serial_rivers,
          chequers_serial_rivers_micro_b, chequers_serial_rivers_small_b,
          chequers_serial_rivers_micro_e, chequers_serial_rivers_large_a,
          chequers_serial_rivers_micro_d, nrook_mini_vaults

Skill      XL: |  1  2  3  4  5  6  7  8  9 10 |
---------------+-------------------------------+-----
Armour         | 1 2 3 4 5 |  5.7
Axes           | 3 4 5 6 8 |  8.3
Fighting       | 4 5 6 |  6.6
Dodging        | 3 4 |  4.4
Maces & Flails | 1 |  1.1
Poison Magic   | 2 3 4 5 |  5.1
Invocations    | 1 4 |  4.8
Stealth        | 3 |  3.4
Throwing       | |  0.9
Shields        | |  0.6
Spellcasting   | |  0.2
Conjurations   | |  0.2
Air Magic      | |  0.1
Evocations     | |  0.2

Action                   |  1- 3 |  4- 6 |  7- 9 | 10-12 || total
-------------------------+-------+-------+-------+-------++-------
Melee: Hand axe          |   132 |       |       |       ||   132
       War axe           |     2 |   180 |   360 |    51 ||   593
       Mace              |       |    25 |     2 |       ||    27
Throw: Stone             |       |     6 |       |       ||     6
       Dart              |       |       |     6 |       ||     6
 Cast: Mephitic Cloud    |       |       |     2 |       ||     2
Invok: Heroism           |       |       |     2 |     2 ||     4
Evoke: Wand              |       |       |     2 |     5 ||     7
  Use: Potion            |     1 |       |       |     1 ||     2
       Scroll            |       |    10 |     7 |     2 ||    19
 Stab: Sleeping          |     2 |       |     2 |       ||     4
       Paralysed         |       |       |     1 |       ||     1
Armor: Leather armour    |    35 |    28 |       |       ||    63
       Ring mail         |       |   118 |    75 |       ||   193
       Acid dragon scale |       |       |   160 |    26 ||   186
Dodge: Dodged            |    79 |   153 |   269 |    49 ||   550
Block: Buckler           |       |       |     6 |     9 ||    15
